 Dungeon Crawl Stone Soup version 0.21.0-3-g78d12a8 (webtiles) character file.

44 nikopol the Chopper (level 3, -1/49 HPs)
             Began as a Minotaur Berserker on Jan 15, 2018.
             Was a Believer of Trog.
             Slain by Swippen's ghost (7 damage)
             ... on level 3 of the Dungeon.
             The game lasted 00:02:18 (1178 turns).

nikopol the Chopper (Minotaur Berserker)            Turns: 1178, Time: 00:02:19

Health: -1/49      AC:  5    Str: 26    XL:     3   Next: 41%
Magic:  2/2        EV: 12    Int:  4    God:    Trog [**....]
Gold:   96         SH:  0    Dex: 10    Spells: 2/2 levels left

rFire    . . .     SeeInvis .   a - +0 hand axe
rCold    . . .     Gourm    .   (no shield)
rNeg     . . .     Faith    .   f - +0 ring mail
rPois    .         Spirit   .   (helmet restricted)
rElec    .         Reflect  .   (no cloak)
rCorr    .         Harm     .   (no gloves)
MR       .....                  (no boots)
Stlth    ..........             (no amulet)
HPRegen  0.16/turn              (no ring)
MPRegen  0.08/turn              (no ring)

@: berserking, very quick
A: retaliatory headbutt, horns 2
a: Berserk, Trog's Hand, Burn Spellbooks, Renounce Religion


You were on level 3 of the Dungeon.
You worshipped Trog.
Trog was pleased with you.
You were near starving.

You visited 1 branch of the dungeon, and saw 3 of its levels.

You collected 96 gold pieces.

Inventory:

Hand Weapons
 a - a +0 hand axe (weapon)
Missiles
 k - 16 bolts
Armour
 b - a +0 animal skin
 f - a +0 ring mail (worn)
Scrolls
 d - a scroll of amnesia {unknown}
 e - a scroll of remove curse {unknown}
 g - 3 scrolls of identify {unknown}
 j - a scroll of fog {unknown}
 l - a scroll of random uselessness {unknown}
 m - a scroll of enchant armour {unknown}
 n - a scroll of magic mapping {unknown}
Potions
 h - a potion of cancellation {unknown}
 i - a potion of heal wounds {unknown}
 o - a potion of mutation {unknown}
Comestibles
 c - a ration


   Skills:
 + Level 4.0 Fighting
 + Level 4.5 Axes
 + Level 2.9 Armour
 + Level 2.7 Dodging


You had 2 spell levels left.
You didn't know any spells.

Dungeon Overview and Level Annotations

Branches:
Dungeon (2/15)

Altars:
Trog

Annotations:
D:3 Swippen's ghost, amateur TrMo


Innate Abilities, Weirdness & Mutations

You reflexively headbutt those who attack you in melee.
You have a pair of horns on your head.


Message History

You are too injured to fight recklessly!
You are too injured to fight recklessly!
You are too injured to fight recklessly!
You are too injured to fight recklessly!
You are too injured to fight recklessly!
You are too injured to fight recklessly!
You are too injured to fight recklessly!
You are too injured to fight recklessly!
A red film seems to cover your vision as you go berserk!
You feel yourself moving faster!
You feel mighty!
You are near starving!
Swippen's ghost hits you.
You barely miss Swippen's ghost.
Swippen's ghost is moderately damaged.
Swippen's ghost hits you!
* * * LOW HITPOINT WARNING * * *
You slash Swippen's ghost! You headbutt Swippen's ghost.
Swippen's ghost is severely damaged.
Swippen's ghost hits you!
You die...

#... .. #...#.. ..
#...#.####...
#...#.#..#.......
+................
####...#.#........#
......†#.#).......
.........W......##
........@........
..............#.
...#...)(.....# ..
#.....#.#..# .
#.....#.#..#
#.....#.#..#
#####.#.#..#
#.#.#... #.#.#..##


You could see Swippen's ghost.

Vanquished Creatures
  A leopard gecko (D:1)
  2 giant cockroaches (D:1)
  11 goblins
  2 hobgoblins
  7 jackals (D:1)
  6 bats (D:1)
  4 frilled lizards
  3 kobolds (D:1)
  4 rats
40 creatures vanquished.

Notes
Turn   | Place    | Note
-------+----------+-------------------------------------------
     0 | D:1      | nikopol the Minotaur Berserker began the quest for the Orb.
     0 | D:1      | Reached XP level 1. HP: 19/19 MP: 0/0
    35 | D:1      | Noticed a bullfrog
   214 | D:1      | Reached XP level 2. HP: 27/27 MP: 1/1
   444 | D:1      | Reached ** piety under Trog
   444 | D:1      | Reached XP level 3. HP: 33/33 MP: 2/2
  1034 | D:2      | Found a bloodstained altar of Trog.
  1156 | D:2      | You fall through a shaft!
  1163 | D:3      | Noticed Swippen's ghost (amateur TrMo)
  1178 | D:3      | Slain by Swippen's ghost

Skill      XL: |  1  2 |
---------------+-------+-----
Axes           | 4 |  4.5
Fighting       | 4 |  4.0
Armour         | |  2.9
Dodging        | |  2.7

Action                   || total
-------------------------++-------
Melee: Hand axe          ||    78
       Headbutt          ||     8
Invok: Burn Spellbooks   ||     1
       Berserk           ||     1
Armor: Ring mail         ||    39
       Animal skin       ||     1
Dodge: Dodged            ||    54
